 Dungeon Crawl Stone Soup version 0.29.0-4-gdea44cf6ec (webtiles) character file.

Game seed: 5275028432807151839

118 qw the Ruffian (level 5, -3/40 HPs)
             Began as a Ghoul Fire Elementalist on Aug 29, 2022.
             Was an Initiate of Okawaru.
             Killed by divine providence
             ... invoked by an orc priest
              (10 damage)
             ... on level 3 of the Dungeon.
             The game lasted 00:02:02 (2659 turns).

qw the Ruffian (Ghoul Fire Elementalist)            Turns: 2659, Time: 00:02:03

Health: -3/40      AC: 11    Str: 14    XL:     5   Next: 2%
Magic:  6/6        EV:  4    Int: 14    God:    Okawaru [......]
Gold:   91         SH:  0    Dex:  9    Spells: 6/7 levels left

rFire   . . .      SeeInvis .     - Unarmed
rCold   + . .      Faith    .   (no shield)
rNeg    + + +      Spirit   .   d - +1 plate armour of Okawaru's Generosity {Int+4}
rPois   inf        Reflect  .   (no helmet)
rElec   .          Harm     .   (no cloak)
rCorr   .          Rampage  .   (no gloves)
Will    .....                   (no boots)
Stlth   ..........              (no amulet)
HPRegen 0.00/turn               (no ring)
MPRegen 0.10/turn               (no ring)

@: about to teleport, inhibited regen
A: claws 1, cold resistance 1, negative energy resistance 3, inhibited
regeneration, torment resistance 2, devour on kill
a: Renounce Religion


You were on level 3 of the Dungeon.
You worshipped Okawaru.
Okawaru was noncommittal.
You visited 1 branch of the dungeon, and saw 3 of its levels.

You collected 91 gold pieces.


Innate Abilities, Weirdness & Mutations

You are immune to poison.
You have sharp fingernails.
Your flesh is cold resistant. (rC+)
You are immune to negative energy. (rN+++)
You do not regenerate when monsters are visible.
You are immune to unholy pain and torment.
You thrive by killing the living.


   Skills:
 + Level 1.0 Fighting
 - Level 1.4 Armour
 - Level 1.7 Dodging
 - Level 2.1 Stealth
 - Level 4.1 Unarmed Combat
 - Level 1.7 Spellcasting
 - Level 0.7 Conjurations
 - Level 2.4 Fire Magic


You had 6 spell levels left.
You knew the following spells:

 Your Spells              Type           Power      Damage    Failure   Level
a - Foxfire               Conj/Fire      20%        2x1d5     100%        1

Your spell library contained the following spells:

 Spells                   Type           Power      Damage    Failure   Level
 Scorch                   Fire           14%        2d5       100%        2
 Conjure Flame            Conj/Fire      5%         6-21      100%        3
 Inner Flame              Hex/Fire       4%         N/A       100%        3
 Flame Wave               Conj/Fire      5%         2d5       100%        4

Inventory:

Armour
 d - the +1 plate armour of Okawaru's Generosity (worn) {Int+4}
   (You acquired it on level 2 of the Dungeon)

   Int:       It affects your intelligence (+4).
Scrolls
 b - a scroll of teleportation
 i - a scroll of identify
 k - a scroll of enchant armour
Potions
 c - a potion of haste
 f - a potion of invisibility {unknown}
 g - a potion of berserk rage {unknown}
 h - 2 potions of curing

Dungeon Overview and Level Annotations

Branches:
Dungeon (3/15)

Altars:
Cheibriados
Okawaru


Message History

The orc priest hits you with a +0 whip.
You scratch the orc priest.
The orc priest is heavily wounded.
The orc priest hits you but does no damage.
You closely miss the orc priest.
The orc priest is heavily wounded.
The orc priest hits you but does no damage.
You closely miss the orc priest.
The orc priest is heavily wounded.
You barely miss the orc priest.
The orc priest is heavily wounded.
The orc priest hits you but does no damage. x2
You scratch the orc priest.
The orc priest is severely wounded.
The orc priest hits you but does no damage. x2
You barely miss the orc priest. You claw the orc priest.
You kill the orc priest!
Okawaru accepts your kill.
The orc priest hits you but does no damage.
Your Unarmed Combat skill increases to level 4!
You have reached level 5!
You feel stronger.
You barely miss the orc priest. You closely miss the orc priest.
You claw the orc priest!
The orc priest is heavily wounded.
The orc priest hits you but does no damage.
The orc hits you with a +0 war axe.
You closely miss the orc priest.
The orc priest is heavily wounded.
The orc priest barely misses you.
You barely miss the orc priest.
The orc priest is heavily wounded.
The orc hits you with a +0 war axe! The orc priest hits you with a +0 club.
2659 ||| READING 2 scrolls of teleportation.
As you read the scroll of teleportation, it crumbles to dust.
You feel strangely unstable. The orc hits you with a +0 war axe.
The orc priest mumbles some strange prayers to Beogh against you.
Beogh smites you!
You die...

#.# #####.# ... #.#
#.# #.# #.# #.# #.#
##.# ###.# #..#
##.#.# #.#.
####....#########...
+..@o>.%............
####o)...########...
#.#.#.#.# #.#.
#.####.##.# ###.##
#. ..# .# ##..... .
#.## # #...... #o #.
......... o #.
###...... oo ##.....


You could see an orc priest and an orc.

Vanquished Creatures
  An orc priest (D:3)
  Jessica (D:3)
  2 adders (D:2)
  2 dart slugs (D:2)
  An orc (D:3)
  3 ball pythons
  4 bats
  2 endoplasms (D:2)
  3 giant cockroaches
  2 goblins (D:1)
  A hobgoblin (D:2)
  3 jackals (D:2)
  5 kobolds
  3 quokkas
  A frilled lizard (D:3)
  2 rats (D:1)
36 creatures vanquished.

Notes
Turn   | Place    | Note
-------+----------+-------------------------------------------
     0 | D:1      | qw the Ghoul Fire Elementalist began the quest for the Orb.
     0 | D:1      | Reached XP level 1. HP: 14/14 MP: 2/2
     0 | D:1      | 0 ||| qw: Version: 0.1-a-90-g952f4b7
     0 | D:1      | 0 ||| qw: Game counter: 4094
     0 | D:1      | 0 ||| qw: Always use a shield: true
     0 | D:1      | 0 ||| qw: God list: Okawaru
     0 | D:1      | 0 ||| qw: Allow faded altars: false
     0 | D:1      | 0 ||| qw: Do Orc after D:15 true
     0 | D:1      | 0 ||| qw: Do second Lair branch before Depths: true
     0 | D:1      | 0 ||| qw: Lair rune preference: random
     0 | D:1      | 0 ||| qw: Plans: Normal
     0 | D:1      | 0 ||| PLANNING D:1-11
   183 | D:1      | Reached skill level 1 in Unarmed Combat
   457 | D:1      | Reached skill level 1 in Fighting
   457 | D:1      | Reached XP level 2. HP: 15/23 MP: 3/3
   660 | D:1      | 660 ||| Stepping ~*~*~tactically~*~*~ (stealth).
   661 | D:1      | 661 ||| Stepping ~*~*~tactically~*~*~ (stealth).
   662 | D:1      | 662 ||| Stepping ~*~*~tactically~*~*~ (stealth).
  1005 | D:1      | 1005 ||| READING scroll labelled LIXZOCR GIETUO.
  1006 | D:1      | 1006 ||| READING scroll labelled RERAADWU YT PYACK.
  1007 | D:1      | 1007 ||| READING scroll labelled GEFEAW WUILUSKUCW.
  1008 | D:1      | 1008 ||| READING 2 scrolls labelled RORCHE ARAERCH.
  1012 | D:1      | 1012 ||| DRINKING 2 bubbling dark potions.
  1013 | D:1      | 1013 ||| DROPPING potion of magic.
  1047 | D:2      | 1047 ||| Stepping ~*~*~tactically~*~*~ (stealth).
  1051 | D:2      | 1051 ||| Stepping ~*~*~tactically~*~*~ (outnumbered).
  1052 | D:2      | 1052 ||| Stepping ~*~*~tactically~*~*~ (outnumbered).
  1058 | D:2      | Reached skill level 2 in Unarmed Combat
  1095 | D:2      | 1095 ||| FLEEEEING.
  1101 | D:2      | 1101 ||| STAIRDANCE
  1228 | D:2      | Reached XP level 3. HP: 28/28 MP: 4/4
  1382 | D:2      | 1382 ||| Stepping ~*~*~tactically~*~*~ (stealth).
  1408 | D:2      | 1408 ||| Stepping ~*~*~tactically~*~*~ (stealth).
  1409 | D:2      | 1409 ||| Stepping ~*~*~tactically~*~*~ (stealth).
  1571 | D:2      | 1571 ||| Stepping ~*~*~tactically~*~*~ (hiding).
  1585 | D:2      | Reached skill level 3 in Unarmed Combat
  2078 | D:2      | 2078 ||| READING scroll labelled ORAUDO GETIKK.
  2079 | D:2      | 2079 ||| READING scroll labelled ZIZIRGHA IKHARPH.
  2080 | D:2      | 2080 ||| READING 2 scrolls labelled CORU ZABBOIXIY.
  2081 | D:2      | 2081 ||| READING scroll labelled ROFRIY PEETO.
  2081 | D:2      | Identified a scroll of acquirement
  2081 | D:2      | 2081 ||| ACQUIRING +1 plate armour of Okawaru's Generosity
                  | {Int+4}
  2081 | D:2      | Acquired the +1 plate armour of Okawaru's Generosity
                  | {Int+4}
  2083 | D:2      | 2083 ||| UPGRADING to +1 plate armour of Okawaru's
                  | Generosity {Int+4}.
  2093 | D:2      | 2093 ||| DROPPING +0 robe.
  2094 | D:2      | 2094 ||| DRINKING 3 metallic black potions.
  2095 | D:2      | 2095 ||| DROPPING scroll of fear.
  2140 | D:3      | Reached XP level 4. HP: 35/35 MP: 5/5
  2178 | D:3      | Found an iron altar of Okawaru.
  2185 | D:3      | 2185 ||| FLEEEEING.
  2186 | D:3      | 2186 ||| FLEEEEING.
  2187 | D:3      | 2187 ||| FLEEEEING.
  2188 | D:3      | 2188 ||| FLEEEEING.
  2189 | D:3      | 2189 ||| FLEEEEING.
  2190 | D:3      | 2190 ||| FLEEEEING.
  2191 | D:3      | 2191 ||| FLEEEEING.
  2192 | D:3      | 2192 ||| FLEEEEING.
  2362 | D:3      | Became a worshipper of Warmaster Okawaru
  2364 | D:3      | 2364 ||| FLEEEEING.
  2365 | D:3      | 2365 ||| FLEEEEING.
  2366 | D:3      | 2366 ||| FLEEEEING.
  2367 | D:3      | 2367 ||| FLEEEEING.
  2368 | D:3      | 2368 ||| FLEEEEING.
  2369 | D:3      | 2369 ||| FLEEEEING.
  2370 | D:3      | 2370 ||| FLEEEEING.
  2371 | D:3      | 2371 ||| FLEEEEING.
  2571 | D:3      | Found a snail-covered altar of Cheibriados.
  2613 | D:3      | Noticed Jessica
  2619 | D:3      | Killed Jessica
  2620 | D:3      | Reached skill level 1 in Armour
  2641 | D:3      | 2641 ||| Stepping ~*~*~tactically~*~*~ (stealth).
  2643 | D:3      | 2643 ||| Stepping ~*~*~tactically~*~*~ (hiding).
  2646 | D:3      | 2646 ||| Stepping ~*~*~tactically~*~*~ (hiding).
  2654 | D:3      | Reached skill level 4 in Unarmed Combat
  2654 | D:3      | Reached XP level 5. HP: 22/40 MP: 6/6
  2658 | D:3      | HP: 10/40 [orc priest/+0 club (2)]
  2659 | D:3      | 2659 ||| READING 2 scrolls of teleportation.
  2659 | D:3      | Killed from afar by an orc priest

Levels and vault maps discovered:
D:1:      lemuel_arrival_room, layout_rooms
D:2:      layout_loops_ring
D:3:      layout_loops_corners, kennysheep_okawaru_gauntlet,
          lemuel_coloured_pillars_altar,
          hellmonk_ecumenical_altar_pennies_from_heaven,
          dreamdust_princess_corridor, uniq_jessica

Skill      XL: |  1  2  3  4 |
---------------+-------------+-----
Unarmed Combat | 1 2 3 4 |  4.1
Fighting       | 1 |  1.0
Armour         | 1 |  1.4
Dodging        | |  1.7
Stealth        | |  2.1
Spellcasting   | |  1.7
Conjurations   | |  0.7
Fire Magic     | |  2.4

Action                   |  1- 3 |  4- 6 || total
-------------------------+-------+-------++-------
Melee: Unarmed           |   157 |    25 ||   182
       Punch             |     3 |     2 ||     5
  Use: Scroll            |     8 |     1 ||     9
       Potion            |     2 |       ||     2
Armor: Robe              |    27 |       ||    27
       Plate armour      |     8 |    37 ||    45
Dodge: Dodged            |    88 |     4 ||    92

Table legend:
 A = Non-vault XP
 B = Vault XP
 C = Vault XP percentage of total XP
 D = Non-vault monster count
 E = Vault monster count
 F = Vault count percentage of total count
                 A         B        C        D         E       F
            +---------+---------+-------+---------+---------+-------
      Total |     132 |      37 |  21.9 |      35 |       1 |   2.8
            +---------+---------+-------+---------+---------+-------
        D:1 |      22 |       0 |   0.0 |      12 |       0 |   0.0
        D:2 |      58 |       0 |   0.0 |      18 |       0 |   0.0
        D:3 |      52 |      37 |  41.6 |       5 |       1 |  16.7
            +---------+---------+-------+---------+---------+-------
